 Dungeon Crawl Stone Soup version 0.27-a0-279-gdfb9265905 (webtiles) character file.

Game seed: 14881790947624057719

56 namelastname112 the Sneak (level 3, 0/33 HPs)
             Began as a Draconian Delver on Feb 7, 2021.
             Succumbed to an adder's poison
             ... in a sewer.
             The game lasted 00:01:15 (703 turns).

namelastname112 the Sneak (Draconian Delver)         Turns: 703, Time: 00:01:16

Health: 0/33       AC:  5    Str: 14    XL:     3   Next: 71%
Magic:  3/3        EV: 12    Int: 10    God:
Gold:   51         SH:  0    Dex: 13    Spells: 2/2 levels left

rFire    . . .     SeeInvis .   a - +0 falchion
rCold    . . .     Faith    .   (no shield)
rNeg     . . .     Spirit   .   (armour unavailable)
rPois    .         Reflect  .   (helmet restricted)
rElec    .         Harm     .   (no cloak)
rCorr    .         Rampage  .   (no gloves)
Will     .....                  (no boots)
Stlth    +++.......             (no amulet)
HPRegen  0.11/turn              (no ring)
MPRegen  0.08/turn              (no ring)

@: lethally poisoned (0 -> -7)
A: unfitting armour, cold-blooded, AC +5
a: no special abilities


You were in a sewer.
You visited 1 branch of the dungeon, and saw 1 of its levels.
You also visited: Sewer.

You collected 51 gold pieces.

Inventory:

Hand Weapons
 a - a +0 falchion (weapon)
Wands
 f - a wand of digging (3)
Scrolls
 b - a scroll of fog
 c - a scroll of magic mapping


   Skills:
 + Level 3.8 Fighting
 + Level 2.7 Long Blades
 + Level 2.3 Dodging
 + Level 4.9 Stealth


You had 2 spell levels left.
You didn't know any spells.
Your spell library was empty.

Dungeon Overview and Level Annotations

Branches:
Dungeon (5/15)              Sewer (1/1)
 Temple: D:4-7

Altars:
Uskayaw
Vehumet

Annotations:
D:5 exclusion: statue


Innate Abilities, Weirdness & Mutations

Your plain brown scales are hard. (AC +5)
You cannot fit into any form of body armour.
You are cold-blooded and may be slowed by cold attacks.


Message History

You cut the ooze into ribbons!
You annihilate the ooze!!! * * * don't die
* * * You feel sick!
You take 1 damage, and have 5/33 hp! * * * don't die
* * * You feel sick!
You take 1 damage, and have 4/33 hp! * * * don't die
* * * You feel sick!
You take 1 damage, and have 3/33 hp! * * * don't die
* * * You feel sick!
You take 1 damage, and have 2/33 hp! * * * don't die
* * * You feel sick!
You take 1 damage, and have 1/33 hp! * * * don't die
* * * You feel sick! rip

##
.≈≈≈#
#
≈≈≈J
#
≈≈≈##
#
.≈≈#
#≈≈#
#≈≈##
#≈≈#
#≈≈#
#@≈#
#†≈#
#≈.#
#..#
#≈≈#
.≈##
..#
≈≈#


You could see an ooze (fleeing).

Vanquished Creatures
  3 adders
  3 oozes (Sewer)
  3 leopard geckos (D:5)
  3 giant cockroaches (D:5)
  4 ball pythons (Sewer)
  2 frilled lizards (Sewer)
18 creatures vanquished.

Notes
Turn   | Place    | Note
-------+----------+-------------------------------------------
     0 | D:5      | namelastname112 the Draconian Delver began the quest for
                  | the Orb.
     0 | D:5      | Reached XP level 1. HP: 19/19 MP: 1/1
     0 | D:5      | Noticed a +0 dagger
     0 | D:5      | Noticed a +0 dagger
    19 | D:5      | Reached XP level 2. HP: 15/26 MP: 2/2
   246 | D:5      | Found a radiant altar of Vehumet.
   246 | D:5      | Noticed a frost-covered statue
   389 | D:5      | Found a glowing drain.
   468 | Sewer    | Entered a sewer
   488 | Sewer    | Reached XP level 3. HP: 16/33 MP: 3/3
   700 | Sewer    | HP: 1/33 [poisoned by an adder]
   703 | Sewer    | Succumbed to an adder's poison

Illustrated notes

Levels and vault maps discovered:
D:5:      layout_loops_ring, lemuel_coloured_pillars_altar, vehumet_statue,
          dancing_weapons_uskayaw, portal_sewer_entry_f
Sewer:    sewer_frog_island_02

Skill      XL: |  1 |
---------------+----+-----
Dodging        | 2 |  2.3
Fighting       | |  3.8
Long Blades    | |  2.7
Stealth        | |  4.9

Action                   || total
-------------------------++-------
Melee: Falchion          ||    55
       Tailslap          ||    12
  Use: Potion            ||     1
       Scroll            ||     3
Armor: Skin              ||    23
Dodge: Dodged            ||    58
       Rpst.: Falchion   ||    19

Table legend: (Time is in decaauts)
 A = Elapsed time spent in this place.
 B = Non-inter-level travel time spent in this place.
 C = Inter-level travel time spent in this place.
 D = Time resting spent in this place.
 E = Time spent auto-exploring this place.
 F = Levels seen in this place.
 G = Mean time per level.
                   A        B        C        D        E       F      G
               +--------+--------+--------+--------+--------+-----+--------+
         Total |    697 |    697 |      0 |    309 |    230 |   2 |  348.5 |
       Dungeon |    475 |    475 |      0 |    151 |    230 |   1 |  475.0 |
         Sewer |    221 |    221 |      0 |    158 |      0 |   1 |  221.0 |
               +--------+--------+--------+--------+--------+-----+--------+

Top non-repeatable levels by time:
     D:5: 475 daAuts
   Sewer: 221 daAuts
